 Dungeon Crawl Stone Soup version 0.19.0-11-g3fc08b3 (webtiles) character file.

3748 Vasilisck the Covert (level 10, 0/63 HPs)
             Began as an Octopode Fire Elementalist on Nov 8, 2016.
             Was a Believer of Vehumet.
             Slain by a sixfirhy (13 damage)
             ... summoned by an orc high priest
             ... in a bailey.
             The game lasted 00:42:30 (10515 turns).

Vasilisck the Covert (Octopode Fire Elementalist)  Turns: 10515, Time: 00:42:40

Health: 0/63       AC:  4    Str: 11    XL:     10   Next: 15%
Magic:  25/27      EV: 14    Int: 21    God:    Vehumet [**....]
Gold:   304        SH:  0    Dex: 12    Spells: 3 memorised, 14 levels left

rFire  . . .     SeeInvis .     g - +2 dagger
rCold  . . .     Gourm    .     (no shield)
rNeg   . . .     Faith    .     (helmet restricted)
rPois  .         Spirit   .     (no amulet)
rElec  .         Reflect  .     p - +3 ring of strength
rCorr  .         Harm     .     q - +3 ring of protection
MR     .....                    r - ring of magical power
Stlth  ++++++....               (no ring)
                                (no ring)
                                (no ring)
                                (no ring)
                                (no ring)

@: no status effects
A: almost no armour, stealthy swim, amphibious, 8 rings, constrict 8, camouflage
1, gelatinous body 1
a: Renounce Religion


You were in a bailey.
You worshipped Vehumet.
Vehumet was pleased with you.
You were not hungry.

You visited 2 branches of the dungeon, and saw 8 of its levels.
You also visited: Bailey.

You collected 428 gold pieces.
You spent 124 gold pieces at shops.

Inventory:

Hand Weapons
 g - a +2 dagger (weapon)
 u - a +0 blowgun
Missiles
 v - 21 poisoned needles
Jewellery
 p - a +3 ring of strength (left tentacle)
 q - a +3 ring of protection (right tentacle)
 r - a ring of magical power (on tentacle)
Wands
 e - a wand of teleportation (6/9)
 s - a wand of random effects (16/48)
 y - a wand of confusion (17/48)
Scrolls
 c - 3 scrolls of remove curse
 i - 4 scrolls of identify
 j - a scroll of blinking
 k - 7 scrolls of teleportation
 m - 4 scrolls of magic mapping
 t - a scroll of enchant armour
 z - a scroll of amnesia
 D - a scroll of acquirement
Potions
 d - 2 potions of agility
 h - 2 potions of heal wounds
 l - a potion of berserk rage
 n - 2 potions of haste
 o - a potion of invisibility
 w - a potion of cure mutation
 x - a potion of cancellation
 A - a potion of curing {unknown}
 C - a potion of ambrosia
Books
 a - a book of Flames

   Spells                             Type                      Level
   a - Flame Tongue                   Conjuration/Fire             1
   b - Throw Flame                    Conjuration/Fire             2
   c - Conjure Flame                  Conjuration/Fire             3
   d - Inner Flame                    Hexes/Fire                   3
   e - Sticky Flame                   Conjuration/Fire             4
   f - Fireball                       Conjuration/Fire             5
 B - a book of Conjurations

   Spells                             Type                      Level
   a - Magic Dart                     Conjuration                  1
   b - Searing Ray                    Conjuration                  2
   c - Dazzling Spray                 Conjuration/Hexes            3
   d - Fulminant Prism                Conjuration/Hexes            4
   e - Iskenderun's Mystic Blast      Conjuration                  4
   f - Iskenderun's Battlesphere      Conjuration/Charms           5
Comestibles
 b - 3 bread rations
 f - 2 meat rations


   Skills:
 - Level 3.3 Fighting
 - Level 4.0 Dodging
 - Level 12.1 Stealth
 + Level 5.6 Spellcasting
 + Level 6.0 Conjurations
 + Level 6.6 Fire Magic


You had 14 spell levels left.
You knew the following spells:

 Your Spells              Type           Power        Failure   Level  Hunger
a - Flame Tongue          Conj/Fire      ####.        1%          1    None
b - Conjure Flame         Conj/Fire      ####....     2%          3    ##.....
c - Throw Flame           Conj/Fire      ####..       1%          2    None


Dungeon Overview and Level Annotations

Branches:
Dungeon (7/15)             Temple (1/1) D:5

Altars:
Ashenzari
Cheibriados
Dithmenos
Elyvilon
Fedhas
Gozag
Hepliaklqana
Kikubaaqudgha
Makhleb
Nemelex Xobeh
Okawaru
Ru
Sif Muna
Trog
Uskayaw
Vehumet
Xom
Yredelemnul
Zin
The Shining One

Shops:
D:4 *

Annotations:
D:7 Dowan, Duvessa


Innate Abilities, Weirdness & Mutations

You cannot wear most types of armour.
You are very stealthy in the water. (Stealth+)
You are amphibious.
You can wear up to eight rings at the same time.
You can use your tentacles to constrict eight enemies at once.
Your skin changes colour to match your surroundings (Stealth+).
Your rubbery body absorbs attacks. (AC +1, EV +1)


Message History

g - a +2 dagger (weapon)
The orc high priest hits you with a war axe.
You hit the orc high priest but do no damage.
You grab the orc high priest.
You constrict the orc high priest, but do no damage.
The sixfirhy hits you. The sixfirhy shocks you!
The orc high priest hits you with a war axe.
Casting: Flame Tongue
Confirm with . or Enter, or press ? or * to list all spells.
Aiming: Flame Tongue
Press: ? - help, Shift-Dir - straight line, f/p - orc high priest
Aim: an orc high priest, wielding a war axe and wearing a scale mail (lightly wounded, constricted by you, poisoned)
The flame tongue hits the orc high priest.
The orc high priest is lightly wounded.
You constrict the orc high priest, but do no damage.
The sixfirhy hits you. The sixfirhy shocks you! The sixfirhy hits you.
The sixfirhy shocks you!
* * * LOW HITPOINT WARNING * * *
The sixfirhy hits you!
You die...

≈≈≈≈#....#.......# #.)..#≈≈≈≈
≈≈≈≈#....#.8.8.8.' #....#≈≈≈≈
≈≈≈≈######......(##### ######≈≈≈≈
≈≈≈≈≈.#......#....#))# #[[#.≈≈≈≈≈
≈≈≈≈≈.#......#..o.#))# #[[#.≈≈≈≈≈
≈≈≈≈≈.#''#####.g(o#..# #..#.≈≈≈≈≈
≈≈≈≈).#.....##..3.#.. #..#.≈≈≈≈≈
......'.....##.3o.#+##.##+#.≈≈≈≈≈
......'..⌠..##..@.# ..∩...#∩≈≈≈≈≈
.)).))'.)...##....#'##.##+#.≈≈≈≈≈
≈≈≈≈).#.....##....#..#.#..#.≈≈≈≈≈
≈≈≈≈))#''#####....#..#^#..#.≈≈≈≈≈
≈≈≈≈≈.#......#....#.!#.#%%#.≈≈≈≈≈
≈≈≈≈).#......#....#.!#.#%%#.≈≈≈≈≈
≈≈≈≈######.......#####'######≈≈≈≈
≈≈≈≈#....#.8)8)8.'.....#....#≈≈≈≈
≈≈≈≈#....#.......#.....#....#≈≈≈≈


You could see an orc high priest, a sun demon, a sixfirhy, an orc warrior, an
orc and a hobgoblin.

Vanquished Creatures
  A kobold demonologist (Bailey)
  Menkaure (D:7)
  12 orc warriors
  2 sky beasts (D:5)
  4 ogres
  3 centaurs
  Blork the orc (D:5)
  A bullfrog (D:6)
  A water moccasin zombie (D:7)
  3 scorpions (D:4)
  5 electric eels (Bailey)
  A centaur zombie (D:6)
  A crimson imp (D:5)
  A bullfrog zombie (D:7)
  4 hounds
  A jelly (D:5)
  A bullfrog skeleton (D:5)
  2 orc priests
  2 centaur skeletons (D:4)
  Jessica (D:2)
  2 orc wizards
  6 worker ants
  Robin (D:4)
  10 gnolls
  5 adders
  2 shadow imps (D:5)
  An adder skeleton (D:7)
  3 worms
  4 dart slugs
  4 leopard geckos
  29 orcs
  6 giant cockroaches
  24 goblins
  9 hobgoblins
  7 jackals
  4 quokkas
  A ball python (D:1)
  6 bats
  3 frilled lizards
  A jackal skeleton (D:5)
  7 kobolds
  6 rats
189 creatures vanquished.

Notes
Turn   | Place    | Note
-------+----------+-------------------------------------------
     0 | D:1      | Vasilisck the Octopode Fire Elementalist began the quest for the Orb.
     0 | D:1      | Reached XP level 1. HP: 11/11 MP: 3/3
   537 | D:1      | Found a sparkling altar of Nemelex Xobeh.
   546 | D:1      | Reached XP level 2. HP: 12/17 MP: 5/5
  1091 | D:2      | Found a glowing golden altar of the Shining One.
  1098 | D:2      | Reached XP level 3. HP: 10/21 MP: 6/6
  1437 | D:2      | Learned a level 3 spell: Conjure Flame
  2063 | D:2      | Noticed Jessica
  2159 | D:2      | Killed Jessica
  2159 | D:2      | Reached XP level 4. HP: 24/27 MP: 1/8
  2726 | D:3      | Found a shimmering altar of Xom.
  3213 | D:4      | Noticed an ogre
  3225 | D:4      | Killed an ogre
  3225 | D:4      | Reached XP level 5. HP: 31/31 MP: 1/10
  3330 | D:4      | Found a basalt altar of Yredelemnul.
  3477 | D:4      | Reached XP level 6. HP: 9/36 MP: 5/11
  3622 | D:4      | Found a white marble altar of Elyvilon.
  3696 | D:4      | Found an iron altar of Okawaru.
  3698 | D:4      | Noticed Robin
  3765 | D:4      | Killed Robin
  4113 | D:4      | Reached skill level 5 in Fire Magic
  4190 | D:4      | Reached XP level 7. HP: 30/41 MP: 3/13
  4304 | D:4      | Found Kestuv's Assorted Antiques.
  4472 | D:4      | Bought a fizzy yellow potion for 20 gold pieces
  4472 | D:4      | Bought a murky ruby potion for 20 gold pieces
  4472 | D:4      | Bought a scroll labeled PUIMIY OTOSAA for 23 gold pieces
  4472 | D:4      | Bought a murky ruby potion for 20 gold pieces
  4472 | D:4      | Bought 2 fizzy yellow potions for 41 gold pieces
  5105 | D:5      | Entered Level 5 of the Dungeon
  5323 | D:5      | Reached skill level 1 in Fighting
  5323 | D:5      | Reached XP level 8. HP: 25/48 MP: 15/15
  5613 | D:5      | Learned a level 2 spell: Throw Flame
  5831 | D:5      | Found a sacrificial altar of Ru.
  6059 | D:5      | Noticed Blork the orc
  6068 | D:5      | Killed Blork the orc
  6068 | D:5      | Reached skill level 3 in Stealth
  6112 | D:5      | Found a staircase to the Ecumenical Temple.
  6123 | Temple   | Entered the Ecumenical Temple
  6404 | Temple   | Became a worshipper of Vehumet
  6679 | D:5      | Found a deep blue altar of Sif Muna.
  6685 | D:5      | Reached skill level 4 in Stealth
  6877 | D:6      | Reached skill level 5 in Stealth
  6894 | D:6      | Reached skill level 6 in Stealth
  7145 | D:6      | Reached skill level 7 in Stealth
  7360 | D:6      | Reached XP level 9. HP: 44/57 MP: 16/16
  7512 | D:6      | Reached skill level 8 in Stealth
  7813 | D:6      | Found a faded altar of an unknown god.
  7813 | D:6      | Found a sparkling altar of Nemelex Xobeh.
  7818 | D:6      | Found a shattered altar of Ashenzari.
  7820 | D:6      | Found a bloodstained altar of Trog.
  7821 | D:6      | Found a faded altar of an unknown god.
  8170 | D:7      | Noticed Menkaure
  8177 | D:7      | Reached skill level 9 in Stealth
  8182 | D:7      | Killed Menkaure
  8253 | D:7      | Found a snail-covered altar of Cheibriados.
  8440 | D:7      | Noticed Duvessa
  8445 | D:7      | Noticed Dowan
  8451 | D:7      | Reached * piety under Vehumet
  8451 | D:7      | Offered knowledge of Shock by Vehumet.
  8455 | D:7      | Reached skill level 10 in Stealth
  8631 | D:7      | Found a flagged portal.
  8644 | Bailey   | Entered a bailey
  8906 | Bailey   | Reached skill level 11 in Stealth
  9293 | Bailey   | Reached skill level 12 in Stealth
  9406 | Bailey   | Found an iron altar of Okawaru.
  9406 | Bailey   | Noticed an orc high priest
  9406 | Bailey   | Noticed a kobold demonologist
  9518 | Bailey   | Reached skill level 5 in Conjurations
  9622 | Bailey   | Reached skill level 5 in Spellcasting
  9909 | Bailey   | Noticed a sun demon
  9931 | Bailey   | Noticed a rust devil
 10281 | Bailey   | Reached XP level 10. HP: 57/63 MP: 17/17
 10300 | Bailey   | Killed a kobold demonologist
 10434 | Bailey   | Reached ** piety under Vehumet
 10472 | Bailey   | Offered knowledge of Freeze by Vehumet.
 10511 | Bailey   | Noticed a sixfirhy
 10511 | Bailey   | Noticed a sun demon
 10515 | Bailey   | Slain by a sixfirhy

Skill      XL: |  1  2  3  4  5  6  7  8  9 10 |
---------------+-------------------------------+-----
Conjurations   | 2 3 4 5 6 |  6.0
Fire Magic     | 4 5 6 |  6.6
Spellcasting   | 3 4 5 |  5.6
Fighting       | 1 3 |  3.3
Dodging        | 4 |  4.0
Stealth        | 7 12 | 12.1

Action                   |  1- 3 |  4- 6 |  7- 9 | 10-12 || total
-------------------------+-------+-------+-------+-------++-------
Melee: Dagger            |    51 |    37 |    41 |     1 ||   130
       Constrict         |    17 |    10 |     6 |     1 ||    34
       Unarmed           |     2 |       |       |       ||     2
       Tentacles         |     7 |     5 |    10 |       ||    22
 Fire: Blowgun           |       |       |       |     3 ||     3
 Cast: Flame Tongue      |    32 |    82 |   287 |    23 ||   424
       Conjure Flame     |       |     2 |     5 |       ||     7
       Throw Flame       |       |       |    17 |     7 ||    24
  Use: Potion            |       |     4 |     1 |       ||     5
       Scroll            |       |       |    19 |       ||    19
 Stab: Sleeping          |     3 |     9 |     7 |       ||    19
  Eat: Chunk             |     4 |     2 |     8 |     1 ||    15
       Bread ration      |       |     1 |     1 |       ||     2
       Meat ration       |       |       |     1 |       ||     1
       Beef jerky        |       |       |     1 |       ||     1
Armor: Skin              |     8 |    18 |    14 |       ||    40
Dodge: Dodged            |    42 |    50 |    93 |     2 ||   187
